 Dungeon Crawl Stone Soup version 0.22.1-1-ga44c0e56f4 (webtiles) character file.

2139 LLavrengius the Skirmisher (level 9, -1/71 HPs)
             Began as a Barachi Summoner on Sept 23, 2018.
             Was a Follower of Cheibriados.
             Killed from afar by an electric eel (7 damage)
             ... with a bolt of electricity
             ... on level 7 of the Dungeon.
             The game lasted 01:00:14 (9544 turns).

LLavrengius the Skirmisher (Barachi Summoner)       Turns: 9544, Time: 01:00:15

Health: -1/71      AC:  6    Str: 12    XL:     9   Next: 30%
Magic:  17/17      EV: 13    Int: 21    God:    Cheibriados [*.....]
Gold:   195        SH:  0    Dex: 14    Spells: 2/19 levels left

rFire    . . .     SeeInvis .   D - staff of energy
rCold    . . .     Gourm    .   (no shield)
rNeg     . . .     Faith    .   a - +0 robe
rPois    +         Spirit   .   l - +0 helmet
rElec    .         Reflect  .   (no cloak)
rCorr    .         Harm     .   (no gloves)
MR       .....                  v - +2 pair of boots
Stlth    ++........             (no amulet)
HPRegen  0.21/turn              j - ring of poison resistance
MPRegen  0.15/turn              (no ring)

@: can't hop, very slow
A: +LOS, swims, slowness 1, strong legs 1
a: Hop, Bend Time, Renounce Religion


You were on level 7 of the Dungeon.
You worshipped Cheibriados.
Cheibriados was aware of your devotion.
You were not hungry.

You visited 2 branches of the dungeon, and saw 9 of its levels.

You collected 375 gold pieces.
You spent 180 gold pieces at shops.

Inventory:

Hand Weapons
 e - a +0 dagger
 f - a +1 spear of piercing
Missiles
 b - 366 stones (quivered)
 C - 6 javelins
Armour
 a - a +0 robe (worn)
 l - a +0 helmet (worn)
 v - a +2 pair of boots (worn)
Magical Staves
 D - an uncursed staff of energy (weapon)
Jewellery
 j - a ring of poison resistance (left hand)
Wands
 y - a wand of flame (68)
Scrolls
 i - 3 scrolls of teleportation
 m - 6 scrolls of identify {unknown}
 n - a scroll of magic mapping
 p - a scroll of remove curse
 s - a scroll of enchant weapon {unknown}
 w - a scroll of amnesia {unknown}
Potions
 d - 3 potions of might
 g - a potion of agility {unknown}
 h - 2 potions of lignification {unknown}
 k - a potion of magic {unknown}
 o - 3 potions of degeneration {unknown}
 q - a potion of mutation {unknown}
 t - 3 potions of berserk rage {unknown}
 u - 4 potions of heal wounds
 x - a potion of brilliance {unknown}
 z - 4 potions of curing
 A - a potion of flight
Comestibles
 c - 17 rations


   Skills:
 + Level 6.7 Fighting
 - Level 3.0 Polearms
 - Level 3.0 Dodging
 - Level 1.7 Stealth
 - Level 5.1 Unarmed Combat
 - Level 5.5 Spellcasting
 - Level 6.0 Summonings
 - Level 6.1 Ice Magic
 + Level 2.7 Air Magic


You had 2 spell levels left.
You knew the following spells:

 Your Spells              Type           Power        Failure   Level  Hunger
a - Summon Small Mammal   Summ           ####         1%          1    None
b - Call Imp              Summ           ####....     1%          2    None
c - Call Canine Familiar  Summ           ####....     2%          3    None
d - Summon Ice Beast      Ice/Summ       ####....     9%          4    None
e - Summon Guardian Gole  Hex/Summ       ###.....     9%          3    None
f - Summon Lightning Spi  Summ/Air       ###.....     17%         4    None

Your spell library contained the following spells:

 Spells                   Type           Power        Failure   Level  Hunger


Dungeon Overview and Level Annotations

Branches:
Dungeon (8/15)             Temple (1/1) D:6
   Lair: D:8-11

Altars:
Ashenzari
Cheibriados
Elyvilon
Fedhas
Gozag
Hepliaklqana
Kikubaaqudgha
Makhleb
Nemelex Xobeh
Okawaru
Qazlal
Ru
Sif Muna
Trog
Uskayaw
Vehumet
Wu Jian
Xom
Yredelemnul
Zin
The Shining One

Shops:
D:5 !   D:6 %

Annotations:
D:4 2 transporters, Menkaure
D:8 Maurice


Innate Abilities, Weirdness & Mutations

Shadows flee at your approach. (+LOS)
You can swim through water.
You cover ground slowly.
You can hop short distances.


Message History

Hop to where?
Press: ? - help, Dir - move target cursor Boing!
The electric eel shoots out a bolt of lightning at you!
The bolt of electricity hits you!
The electric eel shoots out a bolt of lightning at you!
The bolt of electricity hits you!
The electric eel shoots out a bolt of lightning at you!
The bolt of electricity hits you!
The electric eel shoots out a bolt of lightning at you!
The bolt of electricity misses you.
The electric eel shoots out a bolt of lightning at you!
The bolt of electricity hits you!
* * * LOW HITPOINT WARNING * * *
The electric eel shoots out a bolt of lightning at you!
The bolt of electricity hits you!
* * * LOW HITPOINT WARNING * * *
The electric eel shoots out a bolt of lightning at you!
The bolt of electricity hits you!
You die...

♣≈≈;;#####
#.....# #$....#
#.....# #.....#
#### #.....# ...
###.###
##†########.# #
#.##........##@#
.
#........†..<..#
#
####.##.###.####
#.##.# #.#
#.##.# #.#
#....# #.#
#.#### #.# #.#
#.# #.# #.# .#


You could see 2 electric eels.

Vanquished Creatures
  2 phantoms
  An orc warrior (D:6)
  2 ice beasts
  A sky beast (D:6)
  2 ogres
  A bullfrog (D:4)
  A wight (D:7)
  2 killer bees (D:7)
  An orc priest (D:3)
  A hound (D:5)
  A jelly (D:6)
  A bullfrog skeleton (D:4)
  3 worker ants
  A hound skeleton (D:8)
  A worker ant zombie (D:5)
  A gnoll (D:5)
  3 adders (D:5)
  A shadow imp (D:7)
  2 adder zombies (D:6)
  An adder skeleton (D:4)
  3 dart slugs
  5 leopard geckos
  5 orcs
  2 giant cockroaches
  6 goblins
  6 hobgoblins
  2 jackals (D:4)
  4 quokkas
  6 bats
  5 frilled lizards
  A giant cockroach zombie (D:5)
  4 kobolds
  6 rats
84 creatures vanquished.

Vanquished Creatures (collateral kills)
  Pikel (D:5)
  A wyvern (D:8)
  A water moccasin (D:5)
  A necrophage (D:7)
  3 ogres
  A big kobold (D:8)
  A scorpion (D:6)
  6 wights
  10 killer bees (D:7)
  3 crimson imps
  An orc priest (D:7)
  A bullfrog skeleton (D:4)
  A gnoll shaman (D:5)
  3 orc wizards
  2 worker ants (D:7)
  3 gnolls
  An adder (D:6)
  An ooze (D:5)
  5 orcs
  A bat (D:3)
  2 giant cockroaches (D:1)
  A hobgoblin (D:1)
  A jackal (D:4)
  2 frilled lizards (D:3)
  2 kobolds
  A quokka skeleton (D:7)
  A rat (D:3)
57 creatures vanquished.

Vanquished Creatures (others)
  2 gnolls (D:5)
2 creatures vanquished.

Grand Total: 143 creatures vanquished

Notes
Turn   | Place    | Note
-------+----------+-------------------------------------------
     0 | D:1      | LLavrengius the Barachi Summoner began the quest for the
                  | Orb.
     0 | D:1      | Reached XP level 1. HP: 13/13 MP: 3/3
   498 | D:1      | Reached skill level 5 in Summonings
   498 | D:1      | Reached XP level 2. HP: 20/20 MP: 5/5
   501 | D:1      | Reached skill level 1 in Fighting
   507 | D:1      | Learned a level 2 spell: Call Imp
  1068 | D:1      | Reached XP level 3. HP: 21/26 MP: 1/7
  2197 | D:3      | Reached XP level 4. HP: 23/33 MP: 0/8
  2317 | D:3      | Found a sparkling altar of Nemelex Xobeh.
  2417 | D:3      | Found a white marble altar of Elyvilon.
  2676 | D:4      | Noticed a phantom
  3023 | D:3      | Reached XP level 5. HP: 23/40 MP: 6/10
  3291 | D:4      | Noticed an ogre
  3302 | D:4      | Learned a level 3 spell: Call Canine Familiar
  3569 | D:4      | Killed a phantom
  3569 | D:4      | Reached XP level 6. HP: 27/48 MP: 3/12
  3717 | D:4      | Found an iron altar of Okawaru.
  3811 | D:4      | Learned a level 4 spell: Summon Ice Beast
  3845 | D:4      | Reached skill level 1 in Ice Magic
  3925 | D:4      | Found a transporter.
  3927 | D:4      | Reached skill level 1 in Unarmed Combat
  3950 | D:4      | Found a basalt altar of Yredelemnul.
  3961 | D:4      | Noticed Menkaure
  3966 | D:4      | Found an ancient bone altar of Kikubaaqudgha.
  3969 | D:4      | Found a transporter.
  4225 | D:5      | Entered Level 5 of the Dungeon
  4511 | D:5      | Noticed an ice beast
  4540 | D:5      | Killed an ice beast
  4685 | D:5      | Noticed a phantom
  4744 | D:5      | Killed a phantom
  4744 | D:5      | Reached XP level 7. HP: 13/54 MP: 4/13
  5035 | D:5      | Noticed Pikel
  5284 | D:6      | Found Luawkio's Food Shoppe.
  5454 | D:6      | Found a radiant altar of Vehumet.
  5632 | D:6      | Found a staircase to the Ecumenical Temple.
  5732 | Temple   | Entered the Ecumenical Temple
  6063 | Temple   | Became a worshipper of the Shining One
  6487 | D:5      | Killed Pikel
  6487 | D:5      | Reached skill level 5 in Unarmed Combat
  6487 | D:5      | Reached skill level 5 in Ice Magic
  6487 | D:5      | Reached XP level 8. HP: 59/60 MP: 1/14
  6499 | D:5      | Found a sparkling altar of Nemelex Xobeh.
  6561 | D:5      | Found Ojaoch's Distillery.
  6564 | D:5      | Bought a potion of might for 48 gold pieces
  6564 | D:5      | Bought a potion of heal wounds for 60 gold pieces
  6564 | D:5      | Bought a potion of curing for 36 gold pieces
  6564 | D:5      | Bought a potion of flight for 36 gold pieces
  6945 | D:6      | Reached skill level 1 in Polearms
  7128 | D:6      | Found a snail-covered altar of Cheibriados.
  7410 | D:7      | Found a hide-covered altar of Uskayaw.
  7466 | D:7      | Reached skill level 5 in Fighting
  7475 | D:7      | Reached skill level 5 in Spellcasting
  7768 | D:7      | Reached XP level 9. HP: 68/68 MP: 5/17
  7795 | D:6      | Fell from the grace of the Shining One
  7795 | D:6      | Became a worshipper of Cheibriados the Contemplative
  8065 | D:7      | Learned a level 3 spell: Summon Guardian Golem
  8070 | D:7      | Learned a level 4 spell: Summon Lightning Spire
  8116 | D:8      | Found a glowing silver altar of Zin.
  8250 | D:8      | Reached skill level 1 in Air Magic
  8380 | D:8      | Found a sacrificial altar of Ru.
  8463 | D:8      | Found a bloodstained altar of Trog.
  8939 | D:8      | Found a hazy altar of Hepliaklqana.
  9005 | D:8      | Noticed Maurice
  9403 | D:7      | Reached * piety under Cheibriados
  9544 | D:7      | Killed from afar by an electric eel

Skill      XL: |  1  2  3  4  5  6  7  8  9 |
---------------+----------------------------+-----
Summonings     | 5 6 |  6.0
Fighting       | 1 2 4 5 6 |  6.7
Spellcasting   | 3 4 5 |  5.5
Ice Magic      | 2 5 6 |  6.1
Unarmed Combat | 2 5 |  5.1
Polearms       | 2 3 |  3.0
Dodging        | 3 |  3.0
Air Magic      | 2 |  2.7
Stealth        | |  1.7

Action                   |  1- 3 |  4- 6 |  7- 9 || total
-------------------------+-------+-------+-------++-------
Melee: Dagger            |    20 |       |       ||    20
       Unarmed           |     6 |       |       ||     6
       Spear             |   110 |   147 |   211 ||   468
       Punch             |       |       |     1 ||     1
       Staff             |       |       |    31 ||    31
 Cast: Summon Small Mamm |     7 |     4 |     3 ||    14
       Call Imp          |     3 |    22 |     6 ||    31
       Call Canine Famil |       |     8 |    17 ||    25
       Summon Ice Beast  |       |       |    38 ||    38
       Summon Lightning  |       |       |     7 ||     7
       Summon Guardian G |       |       |     3 ||     3
 Abil: Hop               |       |       |     4 ||     4
  Use: Scroll            |       |       |     4 ||     4
 Stab: Sleeping          |     5 |     1 |       ||     6
       Distracted        |       |     1 |     4 ||     5
  Eat: Chunk             |     5 |    10 |     9 ||    24
       Ration            |       |       |     5 ||     5
Armor: Robe              |    21 |    21 |    49 ||    91
       Skin              |       |       |    11 ||    11
Dodge: Dodged            |    87 |    60 |   123 ||   270
